 Dungeon Crawl Stone Soup version 0.30-a0-782-ge64f9170bb (console) character file.

Game seed: 14950040728567568890

59183 utis the Spear-Bearer (level 14, -8/92 HPs)
             Began as a Tengu Wanderer on Feb 26, 2023.
             Mangled by a harpy simulacrum (17 damage)
             ... in an ice cave.
             The game lasted 01:46:40 (31057 turns).

utis the Spear-Bearer (Tengu Wanderer)             Turns: 31057, Time: 01:46:41

Health: -8/92      AC: 35    Str: 20    XL:     14   Next: 93%
Magic:  18/18      EV: 13    Int: 30    God:
Gold:   68         SH:  0    Dex: 16    Spells: 4/17 levels left

rFire   . . .      SeeInvis .    j - +11 glaive of Emau {protect, Dex+3}
rCold   . . .      Faith    .    (shield currently unavailable)
rNeg    . . .      Spirit   .    f - +1 plate armour "Laoproz" {rCorr Str+6}
rPois   .          Reflect  .    d - +2 hat of the Centipede {Str+3 Int+4}
rElec   .          Harm     .    U - +1 cloak {Stlth+}
rCorr   +          Rampage  .    e - +1 pair of gloves
Will    +....                    (boots unavailable) Stlth
                                 h - amulet of magic regeneration {@e1}
HPRegen 0.35/turn                I - +6 ring of intelligence
MPRegen 0.56/turn                R - ring of the Tortoise {AC+8}

@: under a protective aura, flying quickly and evasively, quick
A: beak, talons 3, nimble flight
a: no special abilities


You were in an ice cave.
You visited 2 branches of the dungeon, and saw 16 of its levels.
You also visited: Ice Cave.

You collected 3030 gold pieces.
You spent 2962 gold pieces at shops.

Inventory:

Hand Weapons
 a - a +7 short sword of venom
 b - a +3 halberd
 j - the +11 glaive of Emau (weapon) {protect, Dex+3}
   (You acquired it on level 4 of the Lair of Beasts)

   Dex:       It affects your dexterity (+3).
 x - a -1 demon whip of venom
 J - a +0 glaive
Missiles
 u - 7 boomerangs
 y - 10 curare-tipped darts {=f}
 M - 3 javelins
 S - 10 poisoned darts
Armour
 d - the +2 hat of the Centipede (worn) {Str+3 Int+4}
   (You acquired it on level 4 of the Lair of Beasts)

   Str:       It affects your strength (+3).
   Int:       It affects your intelligence (+4).
 e - a +1 pair of gloves (worn)
 f - the +1 plate armour "Laoproz" (worn) {rCorr Str+6}
   (You found it on level 5 of the Lair of Beasts)

   Str:       It affects your strength (+6).
   rCorr:     It protects you from acid and corrosion.
 v - +1 storm dragon scales
 L - a +0 ring mail
 N - a scarf of resistance
 U - a +1 cloak of stealth (worn)
 Y - the +2 cloak of Impressiveness {Contam rCorr Str+3}
   (You found it on level 10 of the Dungeon)

   Str:       It affects your strength (+3).
   Contam:    It causes magical contamination when unequipped.
   rCorr:     It protects you from acid and corrosion.
Jewellery
 h - an amulet of magic regeneration (around neck) {@e1}
 i - a ring of resist corrosion
 C - a ring of protection from cold
 I - a +6 ring of intelligence (left hand)
 O - a +4 ring of protection
 P - a ring of poison resistance
 R - the ring of the Tortoise (right hand) {AC+8}
   (You bought it in a shop on level 9 of the Dungeon)

   [ring of protection]

   AC:        It affects your AC (+8).
 W - a ring of magical power
 Z - a ring of wizardry
Wands
 m - a wand of polymorph (26)
 n - a wand of roots (11)
 p - a wand of flame (33)
Scrolls
 c - 4 scrolls of fear
 g - 4 scrolls of enchant weapon
 k - a scroll of fog
 l - a scroll of brand weapon
 s - 5 scrolls of butterflies
 w - 5 scrolls of identify {@r1}
 B - a scroll of silence {!r}
 D - 2 scrolls of teleportation {@r4}
 E - a scroll of poison
 G - a scroll of vulnerability
 V - a scroll of magic mapping
Potions
 o - 3 potions of brilliance
 q - 6 potions of lignification
 r - 4 potions of ambrosia
 t - 6 potions of attraction
 z - 4 potions of mutation {!q}
 A - a potion of invisibility
 F - 2 potions of berserk rage {!q}
 H - 7 potions of curing {@q1}
 K - 2 potions of heal wounds {@q2}
 Q - 2 potions of might


   Skills:
 - Level 12.0 Fighting
 - Level 8.1 Short Blades
 - Level 13.8 Polearms
 + Level 2.6 Throwing
 - Level 5.7 Armour
 - Level 12.0 Dodging
 - Level 3.0 Stealth
 - Level 2.0 Spellcasting
 - Level 5.0 Hexes
 + Level 12.9 Summonings
 - Level 4.5 Ice Magic


You had 4 spell levels left.
You knew the following spells:

 Your Spells              Type           Power      Damage    Failure   Level
d - Summon Guardian Gole  Hex/Summ       54%        N/A       14%         3
f - Call Canine Familiar  Summ           69%        N/A       2%          3
o - Summon Small Mammal   Summ           100%       N/A       1%          1
W - Swiftness             Air            3%         N/A       99%         3
Y - Hailstorm             Conj/Ice       16%        3d6       92%         3

Your spell library contained the following spells:

 Spells                   Type           Power      Damage    Failure   Level
 Freeze                   Ice            100%       1d10      30%         1
 Frozen Ramparts          Ice            60%        1d10      65%         3
 Shock                    Conj/Air       12%        1d3       88%         1
 Inner Flame              Hex/Fire       18%        N/A       90%         3
 Cause Fear               Hex            16%        N/A       94%         4
 Airstrike                Air            1%         2d(1-17)  100%        4
 Anguish                  Hex/Necr       9%         N/A       100%        4
 Enfeeble                 Hex            16%        N/A       100%        7
 Orb of Destruction       Conj           1%         9d5       100%        7
 Spellforged Servitor     Conj/Summ      21%        N/A       100%        7
 Discord                  Hex            16%        N/A       100%        8


Dungeon Overview and Level Annotations

Branches:
Dungeon (11/15)            Temple (0/1) D:4            Lair (5/5) D:8
 Shoals (0/4) Lair:2        Snake (0/4) Lair:2        Slime (0/5) Lair:4
    Orc (0/2) D:11          IceCv (1/1)

Altars:
Ashenzari
Hepliaklqana
Ru
Sif Muna
Wu Jian
Xom
Jiyva

Shops:
D:2 *   D:6 *   D:9 =   D:11 !


Innate Abilities, Weirdness & Mutations

You have a beak for a mouth.
You have claws for feet.
Your magical nature lets you fly swiftly and evasively.


Message History

Your warg bites the white ugly thing.
You slice the white ugly thing!!
Your weapon exudes an aura of protection.
Your kick misses the white ugly thing. You peck the white ugly thing.
The white ugly thing is heavily wounded.
The harpy simulacrum closely misses you.
The harpy simulacrum claws you but does no damage. x2
The harpy simulacrum barely misses you. The harpy simulacrum claws you.
The harpy simulacrum freezes you!!
The harpy simulacrum claws you but does no damage.
Your warg bites the white ugly thing!
The white ugly thing bites your warg!
Your warg dies!
Your warg's corpse disappears in a puff of smoke!
The harpy simulacrum claws you. The harpy simulacrum freezes you!!
* * * LOW HITPOINT WARNING * * *
The harpy simulacrum closely misses you.
You slice the white ugly thing!!
You kill the white ugly thing!
The harpy simulacrum claws you!
* * * LOW HITPOINT WARNING * * *
The harpy simulacrum freezes you!
* * * LOW HITPOINT WARNING * * *
The harpy simulacrum claws you but does no damage.
The harpy simulacrum misses you.
The harpy simulacrum completely misses you.
The harpy simulacrum barely misses you.
The harpy simulacrum claws you but does no damage.
The harpy simulacrum claws you.
* * * LOW HITPOINT WARNING * * *
The harpy simulacrum freezes you!
* * * LOW HITPOINT WARNING * * *
The harpy simulacrum completely misses you.
The harpy simulacrum attacks as you move away!
The harpy simulacrum claws you but does no damage.
The harpy simulacrum closely misses you.
The harpy simulacrum attacks as you move away!
The harpy simulacrum claws you!
* * * LOW HITPOINT WARNING * * *
The harpy simulacrum freezes you!
You die...

€.....?
.....
..... ...
... ▒▒.▒▒
▒▒...▒▒
▒▒.Z.Z.▒▒
▒...Q...▒
▒.......▒
▒.......▒
▒.......▒
▒.......▒
▒▒▒▒.▒▒▒▒
░.......░
░.......░
░.......░
░.......░


You could see 2 harpy simulacra.

Vanquished Creatures
  Josephine (D:10)
  A catoblepas (D:8)
  A boulder beetle (Lair:2)
  A two-headed ogre (D:9)
  Nergalle (D:10)
  An ugly thing (IceCv)
  A cyclops (D:11)
  Maurice (D:9)
  16 elephants
  3 black mambas
  A water nymph (Lair:2)
  3 cane toads
  6 komodo dragons
  2 rime drakes (Lair:3)
  A troll (D:9)
  5 polar bears
  3 hornets
  Prince Ribbit (D:8)
  7 dream sheep
  6 blink frogs
  65 yaks
  8 spriggans
  4 wraiths
  2 basilisks
  5 water moccasins
  An acid dragon (D:9)
  Duvessa (D:4)
  6 orc warriors
  5 ice beasts
  4 black bears
  A sky beast (D:6)
  An ogre (D:6)
  3 boggarts (Lair:5)
  3 centaurs
  13 wolves
  A phantom (D:4)
  3 kobold brigands
  8 bullfrogs
  3 necrophages
  6 scorpions
  5 wights (D:7)
  Dowan (D:4)
  7 howler monkeys
  3 hounds
  A gnoll bouda (Lair:2)
  6 orc priests
  Crazy Yiuf (D:3)
  2 iguanas
  A jelly (D:6)
  Ijyb (D:4)
  Natasha (thrice) (D:2)
  2 orc wizards
  A wolf simulacrum (IceCv)
  Robin (D:4)
  8 adders
  A white imp (D:5)
  An ufetubus (D:5)
  A worm (D:2)
  2 dart slugs (D:5)
  30 orcs
  4 bats
  12 endoplasms
  5 giant cockroaches
  11 goblins
  11 hobgoblins
  5 jackals
  18 kobolds
  4 quokkas
  2 ball pythons (D:1)
  3 frilled lizards
  28 rats
386 creatures vanquished.

Vanquished Creatures (collateral kills)
  A boulder beetle (D:11)
  A skyshark (Lair:3)
  An ugly thing (IceCv)
  10 elephants
  A torpor snail (Lair:2)
  An ice statue (IceCv)
  8 cane toads
  A water nymph (Lair:2)
  A rime drake (Lair:5)
  2 dream sheep (Lair:4)
  2 wyverns
  A dire elephant simulacrum (IceCv)
  A nameless horror (Lair:5)
  3 spriggans (Lair:5)
  2 wraiths
  12 yaks
  A basilisk (Lair:5)
  A death yak simulacrum (IceCv)
  5 water moccasins
  2 boggarts (Lair:5)
  4 wolves
  A bullfrog (Lair:4)
  A cane toad simulacrum (IceCv)
  2 jellies (Lair:4)
  A polar bear simulacrum (IceCv)
66 creatures vanquished.

Vanquished Creatures (others)
  3 hydras
  A two-headed ogre (D:11)
  Sonja (Lair:5)
  Amaemon (Lair:2)
  4 elephants (Lair:5)
  A black mamba (Lair:5)
  5 cane toads
  2 ice statues (IceCv)
  An orange demon (Lair:2)
  3 komodo dragons
  A blink frog (Lair:4)
  2 spriggans (Lair:5)
  8 yaks
  A basilisk (Lair:4)
  4 water moccasins
  A jelly (Lair:4)
  A wolf simulacrum (IceCv)
  54 fungi
  53 plants
147 creatures vanquished.

Grand Total: 599 creatures vanquished

Notes
Turn   | Place    | Note
-------+----------+-------------------------------------------
     0 | D:1      | utis the Tengu Wanderer began the quest for the Orb.
     0 | D:1      | utis set off with the following items: a +0 short sword, a
                  | +0 ring mail, a scroll of fear; and the following spell
                  | memorised: Freeze; and the following spells available to
                  | memorise: Frozen Ramparts, Hailstorm.
     0 | D:1      | Reached XP level 1. HP: 12/12 MP: 3/3
   193 | D:1      | Reached XP level 2. HP: 16/16 MP: 4/4
   217 | D:1      | Found a faded altar of an unknown god.
   246 | D:1      | Reached skill level 1 in Dodging
   586 | D:1      | Reached XP level 3. HP: 16/21 MP: 5/5
   908 | D:2      | Noticed Natasha
   919 | D:2      | Killed Natasha
   920 | D:2      | Reached XP level 4. HP: 18/27 MP: 6/6
  1030 | D:2      | Noticed Natasha
  1039 | D:2      | Killed Natasha
  1346 | D:2      | Noticed Natasha
  1350 | D:2      | Killed Natasha
  1351 | D:2      | Gained mutation: Your magical nature lets you fly swiftly
                  | and evasively. [Tengu growth]
  1351 | D:2      | Reached XP level 5. HP: 32/32 MP: 7/7
  1613 | D:2      | Learned a level 3 spell: Hailstorm
  1652 | D:2      | Found Otimpoh's General Store.
  1660 | D:2      | Bought a scroll of identify for 26 gold pieces
  1662 | D:2      | Bought a potion of degeneration for 13 gold pieces
  2494 | D:3      | Found a runed translucent door.
  2495 | D:3      | Noticed Crazy Yiuf
  2749 | D:3      | Killed Crazy Yiuf
  2811 | D:4      | Reached XP level 6. HP: 20/38 MP: 8/8
  3085 | D:4      | Found a staircase to the Ecumenical Temple.
  3346 | D:4      | Found a shimmering altar of Xom.
  3422 | D:4      | Noticed Robin
  3443 | D:4      | Killed Robin
  3593 | D:4      | Noticed Duvessa
  3606 | D:4      | Killed Duvessa
  3607 | D:4      | Reached skill level 5 in Fighting
  3607 | D:4      | Reached skill level 5 in Dodging
  3607 | D:4      | Reached XP level 7. HP: 25/44 MP: 9/9
  3846 | D:4      | Noticed Dowan
  3854 | D:4      | Killed Dowan
  4143 | D:4      | Found an ornate altar of the Wu Jian Council.
  4144 | D:4      | Found a sacrificial altar of Ru.
  4145 | D:4      | Found a broken altar of Ashenzari.
  4146 | D:4      | Found a hazy altar of Hepliaklqana.
  4190 | D:5      | Entered Level 5 of the Dungeon
  4190 | D:5      | Noticed Ijyb
  4214 | D:4      | Killed Ijyb
  4715 | D:5      | Reached XP level 8. HP: 26/51 MP: 10/10
  6303 | D:6      | Reached skill level 1 in Polearms
  6418 | D:6      | Reached skill level 2 in Polearms
  6446 | D:6      | Reached XP level 9. HP: 52/57 MP: 11/11
  6620 | D:6      | Reached skill level 3 in Polearms
  6771 | D:6      | Found Utewnu's Overcharged Wands.
  7642 | D:7      | Reached skill level 4 in Polearms
  8102 | D:7      | Reached skill level 5 in Polearms
  9144 | D:8      | Reached skill level 6 in Polearms
  9157 | D:8      | Identified the +6 hand axe "Gebouk" {heavy, rElec Str+3
                  | Dex+2}
  9543 | D:8      | Reached XP level 10. HP: 64/65 MP: 12/12
  9632 | D:8      | Found a staircase to the Lair.
  9641 | D:8      | Reached skill level 7 in Polearms
 10029 | D:8      | Noticed Prince Ribbit
 10051 | D:8      | Killed Prince Ribbit
 10479 | D:9      | Found a shimmering blue altar of Sif Muna.
 10725 | D:9      | Learned a level 3 spell: Call Canine Familiar
 10727 | D:9      | Learned a level 1 spell: Summon Small Mammal
 10731 | D:9      | Learned a level 3 spell: Swiftness
 10756 | D:9      | Reached skill level 1 in Summonings
 11177 | D:9      | Reached skill level 5 in Summonings
 11809 | D:9      | Found Vulaf's Jewellery Shop.
 12027 | D:9      | Noticed Maurice
 12051 | D:9      | Killed Maurice
 12052 | D:9      | Reached XP level 11. HP: 50/69 MP: 13/13
 12459 | D:10     | Entered Level 10 of the Dungeon
 12459 | D:10     | Noticed a two-headed ogre
 12604 | D:9      | Reached skill level 1 in Stealth
 12796 | D:10     | Noticed Josephine
 13059 | D:10     | Noticed Nergalle
 13473 | D:9      | Killed a two-headed ogre
 13474 | D:9      | Reached skill level 10 in Dodging
 13474 | D:9      | Reached skill level 10 in Summonings
 13761 | D:10     | Killed Josephine
 13762 | D:10     | Reached skill level 8 in Polearms
 13783 | D:10     | Killed Nergalle
 14075 | D:10     | Identified the +2 cloak of Impressiveness {Contam rCorr
                  | Str+3}
 14718 | Lair:1   | Entered Level 1 of the Lair of Beasts
 14747 | Lair:1   | Reached skill level 9 in Polearms
 14918 | Lair:1   | Noticed a catoblepas
 15347 | Lair:1   | Reached skill level 10 in Fighting
 15582 | Lair:1   | Reached XP level 12. HP: 43/77 MP: 12/14
 15924 | Lair:1   | Learned a level 3 spell: Summon Guardian Golem
 16078 | Lair:1   | Reached skill level 10 in Polearms
 17153 | Lair:1   | Reached skill level 5 in Short Blades
 17733 | D:8      | Killed a catoblepas
 18631 | Lair:2   | Found a staircase to the Snake Pit.
 18722 | Lair:2   | Noticed Amaemon
 18812 | Lair:2   | Noticed a seven-headed hydra
 18873 | Lair:1   | Killed a seven-headed hydra
 19092 | Lair:2   | Noticed a boulder beetle
 19109 | Lair:2   | Killed a boulder beetle
 19357 | Lair:1   | Reached XP level 13. HP: 80/83 MP: 17/17
 19428 | Lair:1   | Reached skill level 11 in Polearms
 20286 | Lair:2   | Killed Amaemon
 21266 | Lair:2   | Reached skill level 12 in Polearms
 21729 | Lair:3   | You are sucked into a shaft and drop 1 floor!
 22110 | Lair:2   | Reached skill level 1 in Hexes
 22436 | Lair:3   | Identified the +9 long sword "Jatiuneot" {flame, Will+
                  | Int+5}
 24563 | Lair:4   | Found a viscous altar of Jiyva.
 24564 | Lair:4   | Found a staircase to the Slime Pits.
 24792 | Lair:4   | Reached XP level 14. HP: 90/90 MP: 14/18
 25464 | Lair:4   | Found the +8 whip "Snakebite" {venom, curare, rPois}
 25618 | Lair:4   | Identified a scroll of acquirement
 25618 | Lair:4   | Acquired the +2 hat of the Centipede {Str+3 Int+4}
 26007 | Lair:5   | Entered Level 5 of the Lair of Beasts
 26629 | Lair:4   | Reached skill level 13 in Polearms
 26994 | Lair:4   | Acquired 777 gold pieces
 26995 | Lair:4   | Acquired 1030 gold pieces
 26997 | Lair:4   | Acquired the +11 glaive of Emau {protect, Dex+3}
 27246 | D:2      | Bought +1 storm dragon scales for 1131 gold pieces
 27512 | Lair:4   | Reached skill level 5 in Armour
 29029 | Lair:5   | Noticed Sonja
 29506 | Lair:5   | Identified the +1 plate armour "Laoproz" {rCorr Str+6}
 29790 | Lair:5   | Killed Sonja
 30203 | D:9      | Bought the ring of the Tortoise {AC+8} for 1792 gold pieces
 30203 | D:9      | Found the ring of the Tortoise {AC+8}
 30272 | D:11     | Found Vonaq's Distillery.
 30301 | D:11     | Reached skill level 1 in Throwing
 30334 | D:11     | Found a frozen archway.
 30343 | IceCv    | Entered an ice cave
 30554 | IceCv    | Reached skill level 5 in Hexes
 31057 | IceCv    | Mangled by a harpy simulacrum

Illustrated notes

Levels and vault maps discovered:
D:1:      dpeg_arrival_ratfight, layout_rooms, hellmonk_ecumenical_altar_blasted
D:2:      layout_basic, serial_shops, shop, minmay_fractal_squares_5,
          uniq_natasha
D:3:      layout_rooms, uniq_crazy_yiuf_cottage
D:4:      layout_loops_ring, kennysheep_mini_moat, minitemple,
          minmay_temple_entry_from_below_b, minmay_rat_hole, uniq_duvessa,
          uniq_robin
D:5:      layout_gridville, uniq_ijyb
D:6:      layout_layer_cave, nicolae_shop_overcharged_wands
D:7:      layout_basic
D:8:      layout_loops_corners, grunt_lair_entry_orc_guard_hut,
          uniq_prince_ribbit1
D:9:      layout_basic, mainiacjoe_overflow_brackets, serial_shops, shop,
          uniq_maurice
D:10:     layout_rooms, uniq_josephine, uniq_nergalle
D:11:     layout_cave_pools, erik_orc_1, serial_shops,
          nicolae_shop_advertising_works [nicolae_subvault_shop_adworks],
          portal_ice_cave_entry_pillars_1
Lair:1:   layout_layer_cave, lemuel_fruit_fields
Lair:2:   layout_hall_layers, nicolae_shoals_entry_flooding, dummy_snake_entry,
          dreamdust_gnoll_shepherd, uniq_amaemon
Lair:3:   layout_cave_pods
Lair:4:   minmay_guarded_unrand_snakebite, layout_regular_city,
          nicolae_slime_entry_slimehenge, pond
Lair:5:   minmay_lair_end_enchanted_forest, layout_layer_cave,
          serial_bayou_shore_b, uniq_sonja
IceCv:    ice_cave_statue_garden_chambered

Skill      XL: |  1  2  3  4  5  6  7  8  9 10 11 12 13 14 |
---------------+-------------------------------------------+-----
Dodging        | 1 2 3 4 5 6 8 9 10 11 12 | 12.0
Short Blades   | 2 8 |  8.1
Fighting       | 2 3 5 6 7 8 10 11 12 | 12.0
Polearms       | 2 6 7 9 10 12 13 | 13.8
Summonings     | 9 10 12 | 12.9
Stealth        | 3 |  3.0
Spellcasting   | 2 |  2.0
Hexes          | 4 5 |  5.0
Armour         | 3 5 |  5.7
Throwing       | 2 |  2.6
Ice Magic      | |  4.5

Action                     |  1- 3 |  4- 6 |  7- 9 | 10-12 | 13-15 || total
---------------------------+-------+-------+-------+-------+-------++-------
  Melee: Dagger            |    56 |    86 |       |       |       ||   142
         Kick              |    16 |    55 |   112 |   221 |   200 ||   604
         Short sword       |     5 |    82 |   339 |   392 |   224 ||  1042
         Peck              |     3 |    18 |    84 |   150 |   125 ||   380
         Punch             |       |     3 |     3 |     7 |     5 ||    18
         Glaive            |       |       |    29 |       |   169 ||   198
         Halberd           |       |       |     9 |   166 |   165 ||   340
  Throw: Stone             |     7 |     3 |     2 |       |       ||    12
         Boomerang         |       |       |    16 |       |     4 ||    20
   Cast: Call Canine Famil |       |       |       |    72 |   121 ||   193
         Summon Guardian G |       |       |       |    17 |    80 ||    97
         Summon Small Mamm |       |       |       |       |    32 ||    32
  Evoke: Wand              |       |       |       |       |     2 ||     2
    Use: Scroll            |       |     5 |     6 |    11 |    14 ||    36
         Potion            |       |       |       |     1 |     1 ||     2
   Stab: Distracted        |       |       |       |     6 |    11 ||    17
         Sleeping          |       |       |       |     1 |       ||     1
 Armour: Ring mail         |    17 |    34 |    82 |    96 |   110 ||   339
         Storm dragon scal |       |       |       |       |   113 ||   113
         Plate armour      |       |       |       |       |    30 ||    30
  Dodge: Dodged            |    17 |    72 |   229 |   314 |   455 ||  1087

Table legend: (Time is in decaauts)
 A = Elapsed time spent in this place.
 B = Non-inter-level travel time spent in this place.
 C = Inter-level travel time spent in this place.
 D = Time resting spent in this place.
 E = Time spent auto-exploring this place.
 F = Levels seen in this place.
 G = Mean time per level.
                   A        B        C        D        E       F      G
               +--------+--------+--------+--------+--------+-----+--------+
         Total |  29370 |  27402 |   1968 |  10084 |  11166 |  17 | 1727.6 |
       Dungeon |  14913 |  13824 |   1089 |   4246 |   6582 |  11 | 1355.7 |
          Lair |  13754 |  12875 |    879 |   5389 |   4583 |   5 | 2750.8 |
      Ice Cave |    702 |    702 |      0 |    449 |      0 |   1 |  702.0 |
               +--------+--------+--------+--------+--------+-----+--------+

Top non-repeatable levels by time:
  Lair:1: 3815 daAuts
     D:9: 3287 daAuts
  Lair:2: 2766 daAuts
  Lair:4: 2735 daAuts
  Lair:5: 2553 daAuts
     D:6: 2054 daAuts
     D:8: 1916 daAuts
  Lair:3: 1885 daAuts
     D:4: 1457 daAuts
     D:7: 1428 daAuts
     D:2: 1166 daAuts
     D:5: 1088 daAuts
     D:1: 863 daAuts
    D:10: 827 daAuts
     D:3: 743 daAuts
